 Dungeon Crawl Stone Soup version 0.31.0-2-g5a2aebc5c2 (webtiles) character file.

Game seed: 3504024808922074938

41456 Drazool the Summoner (level 14, 0/79 HPs)
             Began as an Octopode Summoner on Jan 20, 2024.
             Was an Elder of Sif Muna.
             Killed from afar by a raiju (3 damage)
             ... with a living lightning
             ... on level 3 of the Abyss on Jan 21, 2024.
             The game lasted 01:41:53 (19572 turns).

Drazool the Summoner (Octopode Summoner)           Turns: 19572, Time: 01:41:53

Health: 0/79       AC:  7    Str:  5      XL:     14   Next: 15%
Magic:  27/37      EV: 17    Int: 24 (25) God:    Sif Muna [****..]
Gold:   612        SH: 12    Dex: 11 (12) Spells: 14/33 levels left

rFire   x . .        R - staff of fire {!a}
rCold   x . .        j - +2 kite shield
rNeg    . . .        u - +2 hat
rPois   +            J - amulet of magic regeneration
rElec   +            L - ring of flight
rCorr   .            E - +5 ring of evasion
SInv    +            F - ring of protection from fire
Will    +....        M - ring of magical power
Stlth   +++          T - +4 ring of protection
HPRegen 0.33/turn    v - ring of see invisible
MPRegen 0.65/turn    U - ring "Cuabelot" {rElec rPois}
                     I - +6 ring of intelligence

%: no passive effects
@: flying, very slightly contaminated
A: almost no armour, amphibious, 8 rings, camouflage 1, gelatinous body 1,
(nimble swimmer 1), tentacles, [clumsy 1], [dopey 1], [frail 2], [screaming 2],
[weak 1], [cold vulnerability 1], [heat vulnerability 3], [inability to read
after injury 1], [persistent drain]
a: Renounce Religion, Channel Magic, Forget Spell, Divine Exegesis


You were on level 3 of the Abyss.
You worshipped Sif Muna.
Sif Muna was greatly pleased with you.
You visited 3 branches of the dungeon, and saw 16 of its levels.
You visited the Abyss 1 time.

You collected 1173 gold pieces.
You spent 561 gold pieces at shops.


Innate Abilities, Weirdness & Mutations

You cannot wear most types of armour.
You are amphibious.
You can wear up to eight rings at the same time.
Your skin changes colour to match your surroundings (Stealth+).
Your rubbery body absorbs attacks. (AC +1, EV +1)
((You are camouflaged when in or above water. (Stealth+)))
You have tentacles for arms and can constrict up to eight enemies at once.
[You are clumsy. (Dex -2)]
[You are dopey. (Int -2)]
[You are very frail. (-20% HP)]
[You frequently scream uncontrollably at your foes.]
[You are weak. (Str -2)]
[You are vulnerable to cold. (rC-)]
[You are extremely vulnerable to heat. (rF---)]
[You occasionally lose the ability to read scrolls when taking damage.]
[Your health recovers twice as slowly from being drained.]


   Skills:
 - Level 10.0 Fighting
 - Level 6.0 Dodging
 - Level 4.0 Stealth
 - Level 8.0 Shields
 - Level 10.0 Spellcasting
 - Level 10.0 Summonings
 + Level 4.0 Necromancy
 - Level 8.0 Fire Magic
 - Level 7.0 Air Magic
 - Level 7.0 Invocations
 - Level 3.0 Evocations
 - Level 4.8 Shapeshifting


You had 14 spell levels left.
You knew the following spells:

 Your Spells              Type           Power      Damage    Failure   Level
b - Borgnjor's Vile Clut  Necr/Erth      10%        N/A       98%         5
c - Call Imp              Summ           100%       N/A       1%          2
f - Call Canine Familiar  Summ           56%        N/A       1%          3
l - Summon Lightning Spi  Summ/Air       51%        N/A       10%         4
z - Summon Small Mammal   Summ           100%       N/A       1%          1
X - Summon Blazeheart Go  Fire/Summ      70%        N/A       8%          4

Your spell library contained the following spells:

 Spells                   Type           Power      Damage    Failure   Level
 Foxfire                  Conj/Fire      100%       2x1d9     6%          1
 Mephitic Cloud           Conj/Alch/Air  23%        N/A       36%         3
 Vhi's Electric Charge    Tloc/Air       56%        N/A       58%         4
 Dazzling Flash           Conj/Hex       24%        N/A       67%         3
 Curse of Agony           Necr           31%        N/A       86%         5
 Arcjolt                  Conj/Air       14%        1d24      91%         5
 Silence                  Hex/Air        14%        N/A       91%         5
 Plasma Beam              Fire/Air       32%        2x1d45    92%         6
 Alistair's Intoxication  Alch           8%         N/A       100%        5
 Lee's Rapid Deconstruct  Erth           6%         3d6*      100%        5
 Eringya's Noxious Bog    Alch           6%         4d6       100%        6
 Starburst                Conj/Fire      23%        6d8       100%        6
 Maxwell's Capacitive Co  Air            22%        ∞         100%        8
 Animate Armour           Summ/Erth      Unusable   N/A       N/A         4

Inventory:

Missiles
 O - 3 throwing nets {=f}
 V - 2 curare-tipped darts {=f}
Armour
 j - a +2 kite shield (worn)
 u - a +2 hat (worn)
Magical Staves
 e - a staff of cold {!a}
 R - a staff of fire (weapon) {!a}
Jewellery
 v - a ring of see invisible (on tentacle)
 C - a ring of ice
 E - a +5 ring of evasion (right tentacle)
 F - a ring of protection from fire (on tentacle)
 I - a +6 ring of intelligence (on tentacle)
 J - an amulet of magic regeneration (around mantle)
 L - a ring of flight (left tentacle)
 M - a ring of magical power (on tentacle)
 S - a +6 ring of strength
 T - a +4 ring of protection (on tentacle)
 U - the ring "Cuabelot" (on tentacle) {rElec rPois}
   (You took it off an orc warrior on level 9 of the Dungeon)

   [ring of poison resistance]

   rElec:     It insulates you from electricity.
   rPois:     It protects you from poison
 Y - a +4 ring of slaying
Talismans
 B - a flux talisman
Wands
 f - a wand of digging (9)
 w - a wand of flame (18)
 G - a wand of polymorph (8)
 Q - a wand of charming (10)
 W - a wand of iceblast (13)
Scrolls
 g - 5 scrolls of amnesia
 l - 7 scrolls of fear
 p - 4 scrolls of enchant weapon
 r - 4 scrolls of revelation
 x - a scroll of enchant armour {unknown}
 D - 2 scrolls of poison
 H - 3 scrolls of fog
 P - a scroll of brand weapon
 Z - a scroll of butterflies
Potions
 a - 4 potions of magic
 b - 6 potions of lignification
 c - 2 potions of curing {@q1}
 d - a potion of haste {unknown}
 h - 3 potions of mutation {unknown}
 i - a potion of resistance {unknown}
 m - 3 potions of brilliance {unknown}
 n - a potion of invisibility {unknown}
 o - a potion of degeneration {unknown}
 q - a potion of attraction {unknown}
 s - a potion of cancellation {unknown}
 A - 3 potions of might
 K - a potion of berserk rage {unknown}
Miscellaneous
 k - a box of beasts

Dungeon Overview and Level Annotations

Branches:
Dungeon (10/15)            Temple (1/1) D:7            Lair (5/5) D:9
 Shoals (0/4) Lair:2        Snake (0/4) Lair:2        Slime (0/5) Lair:5
    Orc: D:9-12

Altars:
Ashenzari
Cheibriados
Dithmenos
Elyvilon
Fedhas
Gozag
Hepliaklqana
Kikubaaqudgha
Makhleb
Nemelex Xobeh
Okawaru
Qazlal
Ru
Sif Muna
Trog
Uskayaw
Vehumet
Wu Jian
Xom
Yredelemnul
Zin
The Shining One
Jiyva

Shops:
D:9 =   D:10 (

Annotations:
D:4 Duvessa

. ▒ ▒ . . # ░ . ░
▓#. ░# # X ▒ .▒..
#.░#9░.... .. ▒░
# ..h▒@X..░ .#
▒▒.5h▒▒▓.# 1. #
.. #5#▒3§▒▒ ▓#3▓
▓▓.▓#..§5..▒ . X
▓#...#.▒5.▒ ▒. .
▒ .
....q.§▒..▒▒.▒
.........#▒.▒...
...#.#..#§.##▒
▒.▒
....#.#.##††..▒▒▒


You could see a purple draconian shifter, a nameless horror, a large abomination
(wandering), a raiju, a ynoxinul, 3 ufetubi and a friendly blazeheart golem
(summoned, paralysed).


Message History

* * * LOW HITPOINT WARNING * * *
Unknown command.
You hit the nameless horror.
You squeeze the nameless horror, but do no damage.
The nameless horror is lightly damaged.
You block the raiju's attack.
The ynoxinul gestures.
The purple draconian shifter casts a spell.
The purple draconian shifter blinks!
The nameless horror hits you.
* * * LOW HITPOINT WARNING * * *
You feel your power leaking away.
Your blazeheart golem punches the nameless horror!
You hear a bark!
Unknown command.
You completely miss the nameless horror.
Your squeeze misses the nameless horror.
The nameless horror is heavily damaged.
You hear a bark!
Your blazeheart golem's core grows cold and it stops moving.
The raiju bursts into living lightning!
The living lightning hits you. You resist.
* * * LOW HITPOINT WARNING * * *
The raiju blinks!
The purple draconian shifter casts a spell.
The purple draconian shifter blinks!
A large abomination comes into view.
The nameless horror misses you.
The raiju bursts into living lightning!
The living lightning hits you. You resist.
You die...

Skill      XL: |  1  2  3  4  5  6  7  8  9 10 11 12 13 14 |
---------------+-------------------------------------------+-----
Summonings     | 6 7 8 9 10 | 10.0
Spellcasting   | 4 5 6 8 9 10 | 10.0
Fighting       | 1 3 5 8 10 | 10.0
Fire Magic     | 4 7 8 |  8.0
Stealth        | 4 |  4.0
Air Magic      | 6 7 |  7.0
Dodging        | 4 6 |  6.0
Invocations    | 3 7 |  7.0
Evocations     | 3 |  3.0
Shields        | 3 8 |  8.0
Shapeshifting  | 4 |  4.8
Necromancy     | 4 |  4.0

Action                     |  1- 3 |  4- 6 |  7- 9 | 10-12 | 13-15 || total
---------------------------+-------+-------+-------+-------+-------++-------
  Melee: Unarmed           |    18 |    29 |    10 |       |       ||    57
         Constrict         |     7 |     9 |     9 |     7 |     7 ||    39
         Tentacles         |     7 |     1 |     9 |    12 |    17 ||    46
         Punch             |       |     3 |     1 |     1 |     1 ||     6
         War axe           |       |       |     8 |       |       ||     8
         Long sword        |       |       |    10 |    18 |       ||    28
         Staff             |       |       |       |    26 |    50 ||    76
   Cast: Summon Small Mamm |    34 |    11 |    14 |     2 |       ||    61
         Call Imp          |     5 |     6 |     6 |       |       ||    17
         Call Canine Famil |     1 |    17 |    25 |    13 |     8 ||    64
         Summon Blazeheart |       |       |    18 |   100 |    40 ||   158
         Summon Lightning  |       |       |       |    29 |    23 ||    52
  Evoke: Wand              |       |       |     2 |     3 |     4 ||     9
    Use: Scroll            |     2 |     3 |     2 |    12 |     5 ||    24
         Potion            |       |       |     1 |     2 |     3 ||     6
   Stab: Sleeping          |     1 |     3 |       |       |       ||     4
         Distracted        |       |       |       |       |     1 ||     1
 Armour: Skin              |     6 |    11 |    19 |   104 |    75 ||   215
  Dodge: Dodged            |    13 |    17 |    35 |    90 |    59 ||   214
  Block: Kite shield       |       |       |       |     5 |    75 ||    80

Levels and vault maps discovered:
D:1:      evilmike_arrival_fibonacci_small, layout_basic, grunt_decor_cap,
          minmay_tree_intersection
D:2:      layout_basic, shapermc_ecumenical_altar_hornbeckon, uniq_jessica,
          uniq_natasha
D:3:      layout_basic, minmay_misc_feat_diagonals, kennysheep_generic_room_7,
          uniq_crazy_yiuf_cottage, uniq_robin
D:4:      layout_basic, mainiacjoe_overflow_paths,
          grunt_temple_overflow_diamond, serial_library_hellmonk_small_corner,
          uniq_duvessa
D:5:      layout_rooms, chequers_serial_rivers_large_b, uniq_pikel
D:6:      cheibrodos_barr_body, layout_basic, uniq_grinder, uniq_jeremiah,
          uniq_prince_ribbit1
D:7:      layout_basic, dk_yredelemnul_ordeal, tso_oasis_becter, temple_hall,
          uniq_maurice, uniq_menkaure
D:8:      layout_basic, nicolae_hepliaklqana_monster_ancestors
D:9:      minmay_the_grid_plus [minmay_the_grid_embedded,
          minmay_the_grid_minigrid_large, minmay_the_grid_minigrid_medium,
          minmay_the_grid_eight, minmay_the_grid_prize_diamond_cup],
          layout_loops_corners, nicolae_wu_jian_wuxing_cycle,
          mainiacjoe_overflow_surrounded_room, serial_glass, glass_columns_c,
          glass_columns_a, serial_shops, nicolae_shop_tiny_real_fake_doors,
          hangedman_decor_peaks_small, minmay_misc_feat_chi, uniq_harold
D:10:     layout_stronghold, nicolae_dithmenos_shadow_blocks,
          mainiacjoe_overflow_large_starburst, amcnicky_altar_gilded,
          doesnt_shop_hydraphobe
Temple:   nicolae_temple_bog_church
Lair:1:   layout_long_grid, uniq_joseph
Lair:2:   layout_hall_layers, minmay_shoals_entry_beasts, dummy_snake_entry,
          grunt_forest_large_clearing_hut, lemuel_fruit_tree
Lair:3:   layout_layer_cave, minmay_hedge_maze
Lair:4:   layout_small_grid, grunt_megastairs_5
Lair:5:   evil_forest, layout_cave_shapes, slime_entry_1
Abyss:3:  base: Lair:4, guppyfry_abyss_exit_imp_island,
          nicolae_abyss_rune_star_stuff, hangedman_illusive_loot,
          evilmike_nicolae_abyss_rune_betentacled_crabyss

Notes
Turn   | Place    | Note
-------+----------+-------------------------------------------
     0 | D:1      | Drazool the Octopode Summoner began the quest for the Orb.
     0 | D:1      | Reached XP level 1. HP: 11/11 MP: 3/3
   259 | D:1      | Reached XP level 2. HP: 17/17 MP: 3/5
   375 | D:1      | Learned a level 2 spell: Call Imp
   544 | D:1      | Reached XP level 3. HP: 21/21 MP: 1/6
   548 | D:1      | Learned a level 3 spell: Call Canine Familiar
   732 | D:1      | Reached skill level 5 in Summonings
  1161 | D:2      | Identified the +4 war axe of the Charred God {flame, rElec
                  | Will+ Dex-3}
  1225 | D:2      | You are sucked into a shaft and drop 2 floors!
  1330 | D:4      | Noticed a black bear
  1335 | D:4      | Killed a black bear
  1336 | D:4      | Reached skill level 6 in Summonings
  1336 | D:4      | Reached XP level 4. HP: 14/27 MP: 3/7
  1336 | D:4      | Reached XP level 5. HP: 16/31 MP: 3/8
  1830 | D:2      | Noticed Jessica
  1836 | D:2      | Killed Jessica
  1863 | D:2      | Noticed Natasha
  1873 | D:2      | Killed Natasha
  1926 | D:2      | Noticed Natasha
  1932 | D:2      | Killed Natasha
  1933 | D:2      | Reached skill level 7 in Summonings
  1933 | D:2      | Reached XP level 6. HP: 36/36 MP: 4/9
  2088 | D:2      | Found a faded altar of an unknown god.
  2278 | D:2      | Noticed Natasha
  2285 | D:2      | Killed Natasha
  2548 | D:2      | Found a faded altar of an unknown god.
  3489 | D:2      | Found a faded altar of an unknown god.
  3770 | D:3      | Reached skill level 3 in Spellcasting
  3990 | D:3      | Noticed Robin
  4001 | D:3      | Killed Robin
  4490 | D:4      | Noticed Duvessa
  4490 | D:4      | Noticed Dowan
  4547 | D:4      | Found a broken altar of Ashenzari.
  4571 | D:4      | Reached skill level 4 in Spellcasting
  4702 | D:4      | Reached skill level 1 in Fighting
  4702 | D:4      | Reached XP level 7. HP: 37/43 MP: 9/13
  4760 | D:4      | Learned a level 4 spell: Summon Blazeheart Golem
  4872 | D:4      | Reached skill level 2 in Fire Magic
  5129 | D:4      | Killed Dowan
  5353 | D:4      | Found a blossoming altar of Fedhas.
  5356 | D:4      | Found a shimmering altar of Xom.
  5359 | D:4      | Found a radiant altar of Vehumet.
  5417 | D:5      | Entered Level 5 of the Dungeon
  5560 | D:5      | Reached skill level 3 in Fire Magic
  5631 | D:5      | Reached skill level 4 in Fire Magic
  5661 | D:5      | Reached XP level 8. HP: 45/48 MP: 5/14
  5787 | D:5      | Noticed Pikel
  5870 | D:5      | Killed Pikel
  5871 | D:5      | Reached skill level 7 in Fire Magic
  5871 | D:5      | Reached skill level 3 in Stealth
  5901 | D:5      | Reached skill level 4 in Stealth
  5901 | D:5      | Reached skill level 2 in Fighting
  6083 | D:5      | Identified the +6 long sword of Fae Trial by Ordeal {heavy,
                  | rPois}
  6153 | D:5      | Reached skill level 3 in Fighting
  6158 | D:5      | Learned a level 4 spell: Summon Lightning Spire
  6362 | D:6      | Noticed Prince Ribbit
  6371 | D:6      | Killed Prince Ribbit
  6372 | D:6      | Reached skill level 5 in Spellcasting
  6372 | D:6      | Reached XP level 9. HP: 56/56 MP: 11/16
  6692 | D:6      | Noticed a gargoyle
  6707 | D:6      | Reached skill level 8 in Summonings
  6711 | D:6      | Noticed Jeremiah
  6715 | D:6      | Killed a gargoyle
  6851 | D:6      | Reached skill level 8 in Fire Magic
  6999 | D:6      | Reached skill level 1 in Air Magic
  7005 | D:6      | Reached skill level 2 in Air Magic
  7142 | D:6      | Reached skill level 3 in Air Magic
  7341 | D:6      | Noticed Grinder
  7404 | D:6      | Killed Grinder
  7405 | D:6      | Reached skill level 4 in Air Magic
  7487 | D:6      | Reached skill level 5 in Air Magic
  7682 | D:6      | Killed Jeremiah
  7683 | D:6      | Reached skill level 6 in Air Magic
  7683 | D:6      | Reached XP level 10. HP: 48/63 MP: 14/17
  7895 | D:7      | Found a runed translucent door.
  7898 | D:7      | Noticed Maurice
  7919 | D:7      | Killed Maurice
  7920 | D:7      | Reached skill level 7 in Air Magic
  8014 | D:7      | Found a glowing golden altar of the Shining One.
  8135 | D:7      | Reached skill level 3 in Dodging
  8204 | D:7      | Found a staircase to the Ecumenical Temple.
  8213 | Temple   | Entered the Ecumenical Temple
  8227 | Temple   | Became a worshipper of Sif Muna the Loreminder
  8319 | D:6      | Reached skill level 4 in Dodging
  8626 | D:7      | Found a basalt altar of Yredelemnul.
  8716 | D:7      | Noticed Menkaure
  8724 | D:7      | Killed Menkaure
  8725 | D:7      | Reached skill level 4 in Fighting
  9006 | D:7      | Noticed a cyclops
  9020 | D:7      | Killed a cyclops
  9149 | D:7      | Reached skill level 6 in Spellcasting
  9501 | D:8      | Noticed a two-headed ogre
  9509 | D:8      | Killed a two-headed ogre
  9510 | D:8      | Reached skill level 3 in Invocations
  9510 | D:8      | Reached skill level 2 in Evocations
  9545 | D:8      | Reached skill level 3 in Evocations
  9547 | D:8      | Reached * piety under Sif Muna
  9648 | D:8      | Found a hazy altar of Hepliaklqana.
 10447 | D:8      | Reached skill level 5 in Fighting
 10667 | D:9      | Noticed Harold
 10683 | D:9      | Killed Harold
 10684 | D:9      | Reached skill level 9 in Summonings
 10684 | D:9      | Reached XP level 11. HP: 71/71 MP: 20/20
 11097 | D:9      | Found a staircase to the Lair.
 11368 | D:9      | Reached skill level 10 in Summonings
 11520 | D:9      | Found a sparkling altar of Nemelex Xobeh.
 11564 | D:9      | Found an ornate altar of the Wu Jian Council.
 11645 | D:9      | Found Fef Necoqo's Jewellery Emporium.
 11648 | D:9      | Bought a ring of see invisible for 165 gold pieces
 11648 | D:9      | Bought a +4 ring of protection for 396 gold pieces
 11789 | D:9      | Identified the ring "Cuabelot" {rElec rPois}
 11789 | D:9      | Reached ** piety under Sif Muna
 12129 | D:9      | Found the +6 lightning scales {swift, rElec}
 12171 | D:9      | Reached skill level 7 in Spellcasting
 12191 | D:9      | Noticed a fire dragon
 12245 | D:10     | Entered Level 10 of the Dungeon
 12278 | D:10     | Found a white marble altar of Elyvilon.
 12365 | D:10     | Noticed a manticore
 12379 | D:10     | Killed a manticore
 12447 | D:10     | Reached skill level 8 in Spellcasting
 12468 | D:10     | Found the +7 staff of the Meek {protect, meekguard}
 12509 | D:10     | Found Gogehael's Hydra Hut.
 12510 | D:10     | Noticed a five-headed hydra
 12615 | D:10     | Found a burning altar of Makhleb.
 12643 | D:10     | Found a sacrificial altar of Ru.
 12748 | D:10     | Reached skill level 4 in Invocations
 12914 | D:10     | Reached skill level 5 in Invocations
 13020 | D:10     | Found a shadowy altar of Dithmenos.
 13209 | D:10     | Reached skill level 6 in Invocations
 13486 | Lair:1   | Entered Level 1 of the Lair of Beasts
 13515 | Lair:1   | Noticed Joseph
 13639 | D:9      | Reached skill level 7 in Invocations
 13639 | D:9      | Reached XP level 12. HP: 62/77 MP: 24/24
 13894 | Lair:1   | Killed Joseph
 14015 | Lair:1   | Reached skill level 6 in Fighting
 14118 | Lair:1   | Noticed a boulder beetle
 14146 | Lair:1   | Killed a boulder beetle
 14147 | Lair:1   | Reached skill level 7 in Fighting
 14445 | Lair:1   | Reached skill level 5 in Dodging
 14590 | Lair:2   | Reached *** piety under Sif Muna
 14656 | Lair:2   | Reached skill level 6 in Dodging
 14661 | Lair:2   | HP: 3/81 [barbs]
 14870 | Lair:2   | Found a staircase to the Shoals.
 15032 | Lair:2   | Found a staircase to the Snake Pit.
 15100 | Lair:2   | Reached skill level 9 in Spellcasting
 15759 | Lair:3   | Reached skill level 8 in Fighting
 16485 | Lair:3   | Identified the +2 sling of the Ten Prophets {freeze, rN+
                  | MP+9 Str+4}
 16938 | Lair:4   | Noticed a boulder beetle
 16961 | Lair:4   | Killed a boulder beetle
 16962 | Lair:4   | Reached skill level 2 in Shields
 17010 | Lair:4   | Reached skill level 3 in Shields
 17041 | Lair:4   | Reached XP level 13. HP: 90/90 MP: 26/26
 17077 | Lair:4   | Reached skill level 4 in Shields
 17238 | Lair:4   | Reached skill level 5 in Shields
 17238 | Lair:4   | Reached skill level 9 in Fighting
 17594 | Lair:4   | Reached skill level 10 in Fighting
 17595 | Lair:4   | Reached skill level 1 in Shapeshifting
 17610 | Lair:4   | Reached **** piety under Sif Muna
 17611 | Lair:4   | Reached skill level 2 in Shapeshifting
 17623 | Lair:4   | Reached skill level 3 in Shapeshifting
 18148 | Lair:5   | Entered Level 5 of the Lair of Beasts
 18259 | Lair:5   | Reached skill level 4 in Shapeshifting
 18486 | Lair:4   | Reached skill level 6 in Shields
 18580 | Lair:5   | Reached skill level 7 in Shields
 18665 | Lair:5   | Reached skill level 8 in Shields
 18769 | Lair:5   | Found a staircase to the Slime Pits.
 18770 | Lair:5   | Found a viscous altar of Jiyva.
 18907 | Lair:5   | Reached XP level 14. HP: 82/99 MP: 27/27
 18968 | Lair:5   | Learned a level 5 spell: Borgnjor's Vile Clutch
 19166 | Lair:5   | Reached skill level 10 in Spellcasting
 19269 | Lair:5   | Reached skill level 2 in Necromancy
 19297 | Lair:5   | You are cast into the Abyss!
 19297 | Abyss:3  | Cast into level 3 of the Abyss (an occultist)
 19412 | Abyss:3  | Noticed a tentacled starspawn
 19423 | Abyss:3  | Killed a tentacled starspawn
 19424 | Abyss:3  | Reached skill level 3 in Necromancy
 19541 | Abyss:3  | Noticed a lich
 19552 | Abyss:3  | Noticed an Executioner
 19554 | Abyss:3  | Reached skill level 4 in Necromancy
 19556 | Abyss:3  | Noticed a purple draconian shifter
 19570 | Abyss:3  | HP: 7/79 [raiju (3)]
 19572 | Abyss:3  | HP: 3/79 [raiju/living lightning (4)]
 19572 | Abyss:3  | Killed from afar by a raiju

Vanquished Creatures
  A tentacled starspawn (Abyss:3)
  2 hydras (Lair:5)
  Harold (D:9)
  2 boulder beetles
  A two-headed ogre (D:8)
  3 death yaks (Lair:5)
  Pikel (D:5)
  A cyclops (D:7)
  Maurice (D:7)
  3 manticores
  A black mamba (Lair:4)
  10 elephants
  Joseph (Lair:1)
  4 cane toads
  A gargoyle (D:6)
  3 komodo dragons
  A freezing wraith (D:9)
  5 polar bears
  Grinder (D:6)
  2 raiju (Abyss:3)
  2 blink frogs
  Prince Ribbit (D:6)
  A dream sheep (Lair:2)
  4 wyverns
  A spriggan (Lair:2)
  16 yaks
  3 wraiths
  2 steam dragons
  3 basilisks
  A human (D:7)
  7 water moccasins
  3 acid dragons (D:9)
  3 black bears
  2 orc warriors
  A sky beast (D:8)
  3 wolves (Lair:5)
  An ogre (D:6)
  A phantom (D:5)
  2 centaurs (D:9)
  4 kobold brigands
  3 lemures (D:5)
  4 bullfrogs
  A gnoll sergeant (D:9)
  3 killer bees
  2 hounds
  2 jellies
  An orc priest (D:3)
  A gnoll bouda (D:7)
  A sleepcap (D:6)
  Natasha (D:2)
  4 iguanas
  2 orc wizards (D:8)
  An adder (D:4)
  A shadow imp (D:8)
  2 white imps
  2 ufetubi (D:5)
  A ribbon worm (D:5)
  2 dart slugs
  7 orcs
  A ball python (D:3)
  2 goblins
  2 hobgoblins (D:2)
  5 jackals (D:4)
  3 kobolds
  2 quokkas
  A bat (D:1)
  2 frilled lizards
  A spectral orc (D:8)
  2 starspawn tentacles (Abyss:3)
168 creatures vanquished.

Vanquished Creatures (collateral kills)
  2 death yaks
  6 elephants
  3 black mambas
  4 cane toads
  3 rime drakes (Lair:5)
  Jeremiah (D:6)
  4 komodo dragons
  A troll (D:10)
  7 blink frogs
  A dream sheep (Lair:2)
  A raiju (Abyss:3)
  9 yaks
  3 basilisks
  A wyvern (Lair:5)
  A neqoxec (Abyss:3)
  Menkaure (D:7)
  A small abomination (Abyss:3)
  A nameless horror (Lair:4)
  12 water moccasins
  A hell hound (Lair:5)
  2 black bears
  6 orc warriors
  3 ice beasts
  2 centaurs
  7 wolves
  A phantom (D:6)
  A kobold brigand (D:8)
  11 bullfrogs
  3 scorpions
  4 wights
  Dowan (D:4)
  6 killer bees
  2 howler monkeys
  A jelly (D:6)
  2 bombardier beetles
  A hound (D:6)
  4 orc priests
  2 iguanas
  Jessica (D:2)
  Natasha (twice) (D:2)
  An orc wizard (D:9)
  Robin (D:3)
  7 gnolls
  2 adders
  2 shadow imps (D:6)
  2 ufetubi (D:6)
  2 dart slugs
  2 ribbon worms
  20 orcs
  4 ball pythons
  5 endoplasms
  3 giant cockroaches (D:1)
  16 goblins
  6 hobgoblins
  7 jackals
  18 kobolds
  2 quokkas
  A bat (D:2)
  2 frilled lizards (D:1)
  2 rats (D:1)
230 creatures vanquished.

Vanquished Creatures (others)
  A komodo dragon (Lair:5)
  A wyvern (Lair:5)
  A killer bee (D:8)
  108 blazeheart cores
111 creatures vanquished.

Grand Total: 509 creatures vanquished

Table legend: (Time is in decaauts)
 A = Elapsed time spent in this place.
 B = Non-inter-level travel time spent in this place.
 C = Inter-level travel time spent in this place.
 D = Time resting spent in this place.
 E = Time spent auto-exploring this place.
 F = Levels seen in this place.
 G = Mean time per level.
                   A        B        C        D        E       F      G
               +--------+--------+--------+--------+--------+-----+--------+
         Total |  19643 |  18664 |    979 |   2135 |  12277 |  17 | 1155.5 |
       Dungeon |  13847 |  13192 |    655 |   1517 |   8942 |  10 | 1384.7 |
        Temple |     28 |      1 |     27 |      0 |      0 |   1 |   28.0 |
          Lair |   5485 |   5189 |    296 |    547 |   3304 |   5 | 1097.0 |
         Abyss |    281 |    281 |      0 |     71 |     31 |   1 |  281.0 |
               +--------+--------+--------+--------+--------+-----+--------+

Top non-repeatable levels by time:
     D:2: 2336 daAuts
     D:8: 1871 daAuts
     D:9: 1542 daAuts
     D:6: 1475 daAuts
     D:7: 1436 daAuts
  Lair:4: 1409 daAuts
     D:4: 1295 daAuts
  Lair:3: 1267 daAuts
    D:10: 1117 daAuts
     D:1: 1095 daAuts
  Lair:2: 1062 daAuts
     D:5: 991 daAuts
  Lair:5: 935 daAuts
  Lair:1: 810 daAuts
     D:3: 687 daAuts

Table legend:
 A = Non-vault XP
 B = Vault XP
 C = Vault XP percentage of total XP
 D = Non-vault monster count
 E = Vault monster count
 F = Vault count percentage of total count
                 A         B        C        D         E       F
            +---------+---------+-------+---------+---------+-------
      Total |   42291 |   16933 |  28.6 |     311 |      81 |  20.7
            +---------+---------+-------+---------+---------+-------
        D:1 |      51 |       0 |   0.0 |      22 |       0 |   0.0
        D:2 |      92 |      73 |  44.2 |      12 |       2 |  14.3
        D:3 |      92 |      41 |  30.8 |      19 |      13 |  40.6
        D:4 |     440 |      69 |  13.6 |      32 |       1 |   3.0
        D:5 |     697 |     641 |  47.9 |      16 |       1 |   5.9
        D:6 |     810 |    1882 |  69.9 |      17 |      14 |  45.2
        D:7 |    1629 |     692 |  29.8 |      27 |       2 |   6.9
        D:8 |    1809 |       4 |   0.2 |      20 |       2 |   9.1
        D:9 |    2650 |    2989 |  53.0 |      25 |      17 |  40.5
       D:10 |    2979 |       0 |   0.0 |      16 |       0 |   0.0
     Lair:1 |    4139 |     403 |   8.9 |      21 |       1 |   4.5
     Lair:2 |    2859 |    1780 |  38.4 |      10 |       5 |  33.3
     Lair:3 |    3341 |       0 |   0.0 |      14 |       0 |   0.0
     Lair:4 |    7754 |    4166 |  34.9 |      24 |      10 |  29.4
     Lair:5 |   10371 |    4193 |  28.8 |      30 |      13 |  30.2
    Abyss:3 |    2578 |       0 |   0.0 |       6 |       0 |   0.0
            +---------+---------+-------+---------+---------+-------
